 Dungeon Crawl Stone Soup version 0.31-a0-1628-gdde2bdd (webtiles) character file.

Game seed: 10322907378712433584

417 lunatic the Firebug (level 6, -2/49 HPs)
             Began as a Naga Fire Elementalist on Jan 12, 2024.
             Slain by Grinder (3 damage)
             ... while paralysed by Grinder
             ... on level 4 of the Dungeon.
             The game lasted 00:12:28 (3203 turns).

lunatic the Firebug (Naga Fire Elementalist)        Turns: 3203, Time: 00:12:29

Health: -2/49      AC:  4    Str: 10    XL:     6   Next: 92%
Magic:  6/10       EV:  1    Int: 18    God:
Gold:   227        SH:  0    Dex: 11    Spells: 2/11 levels left

rFire   . . .        a - +1 spear (venom)
rCold   . . .        (no shield)
rNeg    + . .        f - +0 robe
rPois   +            (no helmet)
rElec   .            (no cloak)
rCorr   .            k - +0 pair of gloves
SInv    +            (no barding)
Will    .....        (no amulet)
Stlth   ++           n - ring of positive energy
HPRegen 0.28/turn    (no ring)
MPRegen 0.12/turn

%: no passive effects
@: paralysed, lethally poisoned (-2 -> -7), very slow
A: AC +2, large, see invisible, deformed body, poison resistance, slowness 2,
spit poison 1, naga tail 1
a: Spit Poison


You were on level 4 of the Dungeon.
You visited 1 branch of the dungeon, and saw 4 of its levels.

You collected 227 gold pieces.

Inventory:

Hand Weapons
 a - a +1 spear of venom (weapon)
Armour
 f - a +0 robe (worn)
 k - a +0 pair of gloves (worn)
Jewellery
 n - a ring of positive energy (left hand)
Scrolls
 c - a scroll of poison
 d - a scroll of enchant armour
 h - a scroll of vulnerability
 j - a scroll of silence {unknown}
 m - a scroll of teleportation {unknown}
 p - a scroll of immolation {unknown}
 s - a scroll of enchant weapon {unknown}
Potions
 e - a potion of heal wounds
 g - a potion of mutation {unknown}
 i - a potion of might {unknown}
 l - a potion of cancellation {unknown}
 o - a potion of brilliance {unknown}
 q - a potion of curing {unknown}
 r - a potion of resistance {unknown}


   Skills:
 - Level 1.5 Dodging
 - Level 3.0 Stealth
 - Level 3.0 Spellcasting
 - Level 2.0 Conjurations
 - Level 2.0 Translocations
 + Level 5.8 Fire Magic
 - Level 1.0 Air Magic
 + Level 2.6 Alchemy


You had 2 spell levels left.
You knew the following spells:

 Your Spells              Type           Power      Damage    Failure   Level
a - Foxfire               Conj/Fire      64%        2x1d7     3%          1
b - Scorch                Fire           46%        2d6       2%          2
c - Volatile Blastmotes   Fire/Tloc      32%        2d12      10%         3
d - Mephitic Cloud        Conj/Alch/Air  9%         N/A       22%         3

Your spell library contained the following spells:

 Spells                   Type           Power      Damage    Failure   Level
 Mercury Vapours          Alch/Air       18%        N/A       12%         2
 Inner Flame              Hex/Fire       13%        N/A       16%         3
 Flame Wave               Conj/Fire      16%        2d7       32%         4
 Alistair's Intoxication  Alch           8%         N/A       83%         5
 Freezing Cloud           Conj/Ice/Air   3%         6-21      96%         5
 Borgnjor's Vile Clutch   Necr/Erth      1%         N/A       99%         5
 Eringya's Noxious Bog    Alch           6%         4d6       100%        6


Dungeon Overview and Level Annotations

Branches:
Dungeon (4/15)
 Temple: D:4-7

Altars:

Annotations:
D:3 Sigmund
D:4 Grinder


Innate Abilities, Weirdness & Mutations

Your serpentine skin is tough. (AC +2)
You have supernaturally acute eyesight. (SInv)
Armour fits poorly on your strangely shaped body.
Your system is resistant to poisons. (rPois)
You cover ground very slowly.
You can spit poison.
You have a snake-like lower body.


Message History

The adder barely misses you. Grinder hits you.
You writhe in agony.
The kobold hits you with a +0 short sword.
The ball python barely misses you. The adder bites you.
Casting: Scorch (safe; 2% risk of failure)
Confirm with . or Enter, or press ? or * to list all spells.
You conjure some foxfire!
You feel sick. Grinder gestures at you.
You suddenly lose the ability to move!
The kobold hits you but does no damage. The adder bites you but does no damage.
The ball python bites you but does no damage.
You feel sick.
You are no longer poisoned.
The foxfire hits Grinder.
Grinder is severely wounded.
The foxfire hits Grinder.
Grinder is severely wounded.
Grinder hits you! The adder bites you.
* * * LOW HITPOINT WARNING * * *
You are poisoned.
The adder poisons you! The kobold hits you but does no damage.
The ball python bites you but does no damage.
You feel sick. The adder bites you.
* * * LOW HITPOINT WARNING * * *
You are more poisoned.
The adder poisons you! Grinder hits you.
* * * LOW HITPOINT WARNING * * *
The ball python bites you but does no damage.
The kobold hits you but does no damage. The adder bites you.
* * * LOW HITPOINT WARNING * * *
* * * LOW HITPOINT WARNING * * *
You feel sick. The ball python barely misses you.
Grinder hits you but does no damage.
The kobold hits you with a +0 short sword.
* * * LOW HITPOINT WARNING * * *
The adder barely misses you.
The ball python bites you but does no damage.
* * * LOW HITPOINT WARNING * * *
You feel sick. Grinder hits you.
You die...
Grinder says, "Hey, I wasn't done torturing you yet!"

..#...§.............$..
..#...§.................
..#.....................
..#....................
..#..................#
..#.................#
..#.......$.........#
..#.............5S..#
..#........(....@S..#
..#...$..?.......K..~#
..#.................#~#
..# ...............# ~
..# ##.###..........#
### #. #............
#.............
#.............


You could see Grinder, an adder, a ball python and a kobold.

Vanquished Creatures
  A phantom (D:4)
  A scorpion (D:4)
  An iguana (D:4)
  Natasha (thrice) (D:2)
  4 gnolls
  7 adders
  A ribbon worm (D:3)
  A dart slug (D:1)
  4 orcs (D:3)
  6 endoplasms
  9 giant cockroaches
  6 goblins
  8 hobgoblins
  2 quokkas
  5 ball pythons
  13 bats
  7 frilled lizards
  7 kobolds
  5 rats
91 creatures vanquished.

Vanquished Creatures (others)
  186 foxfires
186 creatures vanquished.

Grand Total: 277 creatures vanquished

Notes
Turn   | Place    | Note
-------+----------+-------------------------------------------
     0 | D:1      | lunatic the Naga Fire Elementalist began the quest for the
                  | Orb.
     0 | D:1      | Reached XP level 1. HP: 15/15 MP: 3/3
    76 | D:1      | Reached XP level 2. HP: 18/22 MP: 0/5
   163 | D:1      | Learned a level 2 spell: Scorch
   444 | D:1      | Reached XP level 3. HP: 28/28 MP: 3/6
   482 | D:1      | Learned a level 3 spell: Volatile Blastmotes
  1301 | D:2      | Noticed Natasha
  1447 | D:2      | Reached XP level 4. HP: 36/36 MP: 6/8
  1451 | D:2      | Reached skill level 1 in Translocations
  1829 | D:2      | Killed Natasha
  1830 | D:2      | Reached skill level 4 in Fire Magic
  1830 | D:2      | Reached XP level 5. HP: 39/42 MP: 4/9
  1936 | D:2      | Noticed Natasha
  1951 | D:2      | Killed Natasha
  2088 | D:2      | Noticed Natasha
  2135 | D:2      | Killed Natasha
  2269 | D:3      | Found a faded altar of an unknown god.
  2552 | D:3      | Reached skill level 5 in Fire Magic
  2664 | D:3      | Reached XP level 6. HP: 46/49 MP: 4/10
  2694 | D:3      | Noticed Sigmund
  2709 | D:3      | Learned a level 3 spell: Mephitic Cloud
  3046 | D:4      | Reached skill level 1 in Air Magic
  3046 | D:4      | Reached skill level 1 in Alchemy
  3173 | D:4      | Noticed Grinder
  3199 | D:4      | Paralysed by Grinder for 5 turns
  3202 | D:4      | HP: 2/49 [kobold/+0 short sword (1)]
  3203 | D:4      | Slain by Grinder

Illustrated notes

Levels and vault maps discovered:
D:1:      ebering_trefoil_twist, layout_basic
D:2:      layout_rooms, minmay_pentomino_q2, uniq_natasha
D:3:      layout_loops_ring, basic_ecumenical_altar, uniq_sigmund
D:4:      layout_basic, temple_doors_ab,
          mainiacjoe_sewer_entry_somewhere_in_here_1, serial_undead,
          serial_undead_d, serial_undead_b, serial_undead_e, serial_undead_a,
          kennysheep_dice, uniq_grinder

Skill      XL: |  1  2  3  4  5  6 |
---------------+-------------------+-----
Conjurations   | 2 |  2.0
Translocations | 1 2 |  2.0
Spellcasting   | 3 |  3.0
Fire Magic     | 4 5 |  5.8
Air Magic      | 1 |  1.0
Alchemy        | 2 |  2.6
Dodging        | |  1.5
Stealth        | |  3.0

Action                     |  1- 3 |  4- 6 || total
---------------------------+-------+-------++-------
  Melee: Rapier            |    14 |       ||    14
         Spear             |     4 |    40 ||    44
   Cast: Foxfire           |    53 |    55 ||   108
         Scorch            |     1 |    22 ||    23
         Volatile Blastmot |     1 |       ||     1
Ability: Spit Poison       |       |     2 ||     2
    Use: Scroll            |       |     3 ||     3
         Potion            |       |     2 ||     2
   Stab: Sleeping          |       |     1 ||     1
 Armour: Robe              |    39 |    96 ||   135
  Dodge: Dodged            |    28 |    41 ||    69

Table legend: (Time is in decaauts)
 A = Elapsed time spent in this place.
 B = Non-inter-level travel time spent in this place.
 C = Inter-level travel time spent in this place.
 D = Time resting spent in this place.
 E = Time spent auto-exploring this place.
 F = Levels seen in this place.
 G = Mean time per level.
                   A        B        C        D        E       F      G
               +--------+--------+--------+--------+--------+-----+--------+
         Total |   3951 |   3737 |    214 |    164 |   2522 |   4 |  987.8 |
       Dungeon |   3951 |   3737 |    214 |    164 |   2522 |   4 |  987.8 |
               +--------+--------+--------+--------+--------+-----+--------+

Top non-repeatable levels by time:
     D:1: 1672 daAuts
     D:2: 1077 daAuts
     D:3: 994 daAuts
     D:4: 206 daAuts
